 Dungeon Crawl Stone Soup version 0.32-a0-870-g877066f4b4 (webtiles) character file.

Game seed: 12894866421525307076

11155 GeoRichter the Fighter (level 11, -4/91 HPs)
             Began as a Red Draconian Fire Elementalist on Mar 29, 2024.
             Was an Elder of Hepliaklqana.
             Slain by Haorph the knight
             ... wielding a +0 flail
             ... created by the player character
              (11 damage)
             ... on level 10 of the Dungeon.
             The game lasted 00:19:10 (12476 turns).

GeoRichter the Fighter (DrFE)                      Turns: 12476, Time: 00:19:11

Health: -4/91      AC: 11    Str: 11    XL:     11   Next: 45%
Magic:  7/21       EV: 11    Int: 19    God:    Hepliaklqana [****..]
Gold:   827        SH:  0    Dex: 16    Spells: 17/24 levels left

rFire   + + .        q - +11 short sword of Qoedwif {vamp, Dex+4}
rCold   . . .        (no shield)
rNeg    . . .        (body armour unavailable)
rPois   .            G - +2 hat
rElec   .            c - +0 cloak
rCorr   .            i - +0 pair of gloves
SInv    .            (no boots)
Will    .....        (no amulet)
Stlth   ++           y - ring of protection from fire
HPRegen 0.35/turn    (no ring)
MPRegen 0.17/turn

%: no passive effects
@: no status effects
A: reduced essence, combustion breath, AC +7, unfitting armour, fire resistance
1, cold-blooded
a: Combustion Breath, Renounce Religion, Recall Ancestor, Ancestor Identity,
Transference, Idealise


You were on level 10 of the Dungeon.
You worshipped Hepliaklqana.
Hepliaklqana was greatly pleased with you.
You visited 1 branch of the dungeon, and saw 10 of its levels.

You collected 827 gold pieces.

Inventory:

Hand Weapons
 q - the +11 short sword of Qoedwif (weapon) {vamp, Dex+4}
   (You found it on level 3 of the Dungeon)

   Dex+4:     It affects your dexterity (+4).
 t - the +7 rapier of the Enchanted Forest {drain, *Corrode rPois Will+}
   (You found it on level 6 of the Dungeon)

   rPois:     It protects you from poison.
   Will+:     It increases your willpower.
   *Corrode:  It may corrode you when you take damage.
Missiles
 g - 5 silver javelins
 o - 2 throwing nets {!f}
 J - a curare-tipped dart {!f}
Armour
 c - a +0 cloak (worn)
   (You found it on level 1 of the Dungeon)
 i - a +0 pair of gloves (worn)
   (You found it on level 9 of the Dungeon)
 G - a +2 hat (worn)
   (You found it on level 7 of the Dungeon)
Jewellery
 y - a ring of protection from fire (left hand)
   (You found it on level 7 of the Dungeon)
 I - a ring of resist corrosion
   (You found it on level 7 of the Dungeon)
Wands
 d - a wand of light (13)
   (You found it on level 3 of the Dungeon)
 j - a wand of roots (12)
   (You took it off an orc warrior on level 8 of the Dungeon)
 m - a wand of paralysis (7)
   (You took it off Ijyb on level 3 of the Dungeon)
 u - a wand of polymorph (7)
   (You found it on level 9 of the Dungeon)
 B - a wand of flame (24)
   (You found it on level 7 of the Dungeon)
 E - a wand of digging (3)
   (You found it on level 10 of the Dungeon)
Scrolls
 b - 7 scrolls of teleportation {@r4}
 f - 2 scrolls of noise {!r}
 h - 2 scrolls of fog
 k - 3 scrolls of blinking
 p - a scroll of immolation {!r}
 s - a scroll of fear
 w - 2 scrolls of poison {!r}
 C - a scroll of silence
 D - a scroll of brand weapon
Potions
 a - 3 potions of brilliance {unknown}
 e - a potion of haste {@q3}
 l - 2 potions of resistance
 n - a potion of mutation {!q}
 r - a potion of enlightenment {unknown}
 v - 2 potions of berserk rage {unknown}
 x - a potion of heal wounds {unknown}
 z - 3 potions of might
 A - 3 potions of curing {@q1}
 F - a potion of lignification {unknown}
 H - a potion of ambrosia {unknown}


   Skills:
 - Level 11.1 Fighting
 - Level 1.7 Dodging
 - Level 1.7 Stealth
 - Level 7.0 Spellcasting
 - Level 8.0 Conjurations
 - Level 8.0 Fire Magic
 * Level 8.6 Invocations
 - Level 4.0 Evocations


You had 17 spell levels left.
You knew the following spells:

 Your Spells              Type           Power      Damage    Failure   Level
a - Foxfire               Conj/Fire      100%       2x1d9     1%          1
b - Scorch                Fire           74%        2d8       1%          2
c - Flame Wave            Conj/Fire      37%        2d10      3%          4

Your spell library contained the following spells:

 Spells                   Type           Power      Damage    Failure   Level
 Inner Flame              Hex/Fire       21%        N/A       6%          3
 Volatile Blastmotes      Fire/Tloc      42%        2d13      6%          3
 Summon Small Mammal      Summ           24%        N/A       10%         1
 Lesser Beckoning         Tloc           12%        N/A       16%         2
 Summon Blazeheart Golem  Fire/Summ      21%        N/A       19%         4
 Call Canine Familiar     Summ           6%         N/A       30%         3
 Frozen Ramparts          Ice            12%        1d2       30%         3
 Ozocubu's Armour         Ice            6%         N/A       30%         3
 Teleport Other           Tloc           6%         N/A       30%         3
 Maxwell's Portable Pile  Tloc           6%         2d(6-11)  69%         4
 Summon Lightning Spire   Summ/Air       6%         N/A       69%         4
 Lee's Rapid Deconstruct  Erth           3%         3d5*      95%         5
 Metabolic Englaciation   Hex/Ice        3%         N/A       95%         5
 Animate Armour           Summ/Erth      Unusable   N/A       N/A         4

Dungeon Overview and Level Annotations

Branches:
Dungeon (10/15) Zot: 25538  Temple (0/1) D:5            Lair (0/5) D:10
    Orc (0/2) D:10

Altars:
Ashenzari
Fedhas
Hepliaklqana
Kikubaaqudgha
Okawaru
Qazlal
Ru
Sif Muna
Vehumet
The Shining One

Shops:
D:3 :   D:7 (

Annotations:
D:8 1 runed translucent door, topfpfpflanze's ghost, novice OpCj
D:10 Lodul


Innate Abilities, Weirdness & Mutations

Your life essence is reduced to manifest your ancestor. (-10% HP)
You can breathe blasts of explosive embers.
Your fiery red scales are hard. (AC +7)
You cannot fit into any form of body armour.
Your flesh is heat resistant. (rF+)
You are cold-blooded and may be slowed by cold attacks.


Message History

(Press . to intensify the flame waves.)
You hear two shouts!
The vampire mosquito closely misses you.
The yak gores you but does no damage.
The vampire mosquito bites you but does no damage.
Haorph hits the vampire mosquito with a +0 flail!
A wave of flame ripples out!
The flame wave engulfs the vampire mosquito.
The vampire mosquito is almost destroyed.
Haorph avoids your attack.
The flame wave engulfs the yak!
The yak is severely wounded.
The flame wave engulfs the acid dragon.
The acid dragon is lightly wounded.
The flame wave engulfs the orc wizard!
The orc wizard is heavily wounded.
The vampire mosquito bites you!
* * * LOW HITPOINT WARNING * * *
The vampire mosquito draws strength from your injuries!
The yak misses you.
The vampire mosquito bites you but does no damage.
The orc wizard gestures at you while chanting.
Haorph appears confused.
The acid dragon bites you!
* * * LOW HITPOINT WARNING * * *
The acid dragon claws you but does no damage.
A wave of flame ripples out!
The flame wave engulfs the vampire mosquito!
You destroy the vampire mosquito!
Haorph avoids your attack.
The flame wave engulfs the yak.
The yak is severely wounded.
The flame wave engulfs the acid dragon!
The acid dragon is heavily wounded.
The flame wave engulfs the orc wizard!
You kill the orc wizard!
You finish channelling waves of flame.
The yak completely misses you.
The acid dragon bites you but does no damage.
The acid dragon misses you.
Haorph hits the yak with a +0 flail!!
The yak dies!
Your life force feels restored.
You swap places.
The acid dragon barely misses Haorph.
The acid dragon claws Haorph but does no damage.
Haorph hits the acid dragon with a +0 flail!
The acid dragon dies!
You start resting.
Haorph hits you with a +0 flail!
* * * LOW HITPOINT WARNING * * *
You start resting.
Haorph hits you with a +0 flail!
You die...
Hepliaklqana delivers you to your ancestors.

################## #
#####................#
............^..........#
.....#.R.....#.......#.##
#...).@#......#.......#
#.....#.††..#.....#......
....#....#....#....#..###
# .#...#...#...#...#R.)##
####.
..#..#..#..#..#..#)..# #
....# #
#.#.#.#.#.#.#.#.#.## #
...#
#.##.###.##.##.##.####
#..# . [ #)###.###.##...
#..# # ### ####.##...


You could see the friendly Haorph the knight (confused).

Vanquished Creatures
  Harold (D:9)
  Sonja (D:10)
  A komodo dragon (D:10)
  Jeremiah (D:6)
  An unseen horror (D:10)
  Grinder (D:6)
  A troll (D:10)
  Sigmund (D:2)
  2 shadows
  A wraith (D:10)
  A wyvern (D:9)
  Grum (D:9)
  8 yaks
  A steam dragon (D:8)
  A vampire mosquito (D:10)
  Edmund (D:5)
  An acid dragon (D:10)
  2 black bears
  An ice beast (D:7)
  3 orc warriors (D:9)
  2 centaurs
  2 ogres
  2 wolves (D:9)
  3 phantoms
  Blork the orc (D:5)
  A kobold brigand (D:8)
  A gnoll sergeant (D:9)
  3 bullfrogs
  3 scorpions
  9 wights
  4 howler monkeys
  A bombardier beetle (D:6)
  A centaur zombie (D:8)
  4 hounds
  A gnoll bouda (D:9)
  2 orc priests
  2 iguanas
  Ijyb (D:3)
  A sleepcap (D:4)
  11 orc wizards
  A killer bee zombie (D:8)
  An ogre zombie (D:8)
  8 gnolls (D:9)
  8 adders
  A white imp (D:5)
  3 dart slugs
  37 orcs
  5 ball pythons
  5 bats
  5 endoplasms
  5 giant cockroaches
  4 goblins
  6 hobgoblins
  4 jackals
  14 kobolds
  8 quokkas
  2 frilled lizards (D:2)
  2 rats
205 creatures vanquished.

Vanquished Creatures (collateral kills)
  Nergalle (D:10)
  2 kobold demonologists (D:10)
  2 wyverns
  3 yaks (D:10)
  An acid dragon (D:10)
  3 orc warriors
  An ogre (D:6)
  A black bear (D:6)
  2 kobold brigands
  A scorpion (D:5)
  3 wights (D:7)
  A centaur zombie (D:8)
  2 jellies
  A gnoll bouda (D:4)
  Terence (D:3)
  An orc wizard (D:9)
  A mummy (D:8)
  2 adders
  A gnoll (D:9)
  A ribbon worm (D:2)
  11 orcs
  2 endoplasms
  A kobold (D:9)
  A rat (D:2)
46 creatures vanquished.

Vanquished Creatures (others)
  3 knights
  2 ancestors
  129 foxfires
134 creatures vanquished.

Grand Total: 385 creatures vanquished

Notes
Turn   | Place    | Note
-------+----------+-------------------------------------------
     0 | D:1      | GeoRichter the Draconian Fire Elementalist began the quest
                  | for the Orb.
     0 | D:1      | Reached XP level 1. HP: 14/14 MP: 3/3
   233 | D:1      | Reached XP level 2. HP: 20/20 MP: 0/5
   452 | D:1      | Found a faded altar of an unknown god.
   499 | D:1      | Prayed at the altar of an unknown god.
   499 | D:1      | Became a worshipper of Hepliaklqana the Forgotten
   499 | D:1      | Reached * piety under Hepliaklqana
   960 | D:1      | Learned a level 2 spell: Scorch
  1168 | D:2      | Noticed Sigmund
  1181 | D:2      | Killed Sigmund
  1182 | D:2      | Reached XP level 3. HP: 18/23 MP: 4/6
  1182 | D:2      | Reached XP level 4. HP: 23/29 MP: 4/7
  1182 | D:2      | Reached XP level 5. HP: 27/34 MP: 4/8
  1701 | D:2      | Found a glowing golden altar of the Shining One.
  1776 | D:2      | Reached ** piety under Hepliaklqana
  1777 | D:2      | Remembered your ancestor Haorph as a knight
  2468 | D:3      | Noticed Ijyb
  2477 | D:3      | Killed Ijyb
  2478 | D:3      | Reached XP level 6. HP: 37/40 MP: 1/9
  2680 | D:3      | Found a blossoming altar of Fedhas.
  2715 | D:3      | Found Vouddumm's Book Shop.
  2811 | D:3      | Noticed Terence
  2816 | D:3      | Killed Terence
  2820 | D:3      | Identified the +3 scale mail of Qazlal's Respect {-Tele
                  | rElec Str+3 Stlth+}
  2851 | D:3      | Found a shimmering blue altar of Sif Muna.
  2851 | D:3      | Found a sacrificial altar of Ru.
  3058 | D:3      | Identified the +11 short sword of Qoedwif {vamp, Dex+4}
  3704 | D:4      | Your scales start taking on a fiery red colour.
  3704 | D:4      | Reached XP level 7. HP: 17/45 MP: 3/11
  3704 | D:4      | Gained mutation: Your flesh is heat resistant. (rF+) [Red
                  | Draconian growth]
  3979 | D:4      | Found a stormy altar of Qazlal.
  3982 | D:4      | Found an ancient bone altar of Kikubaaqudgha.
  4753 | D:5      | Entered Level 5 of the Dungeon
  4761 | D:5      | Noticed Edmund
  4763 | D:5      | Reached skill level 5 in Conjurations
  4928 | D:5      | Found a broken altar of Ashenzari.
  4975 | D:5      | Reached *** piety under Hepliaklqana
  4978 | D:5      | Noticed Blork the orc
  4985 | D:5      | Killed Blork the orc
  5115 | D:5      | Reached XP level 8. HP: 36/51 MP: 9/14
  5343 | D:5      | Found a staircase to the Ecumenical Temple.
  5468 | D:5      | Killed Edmund
  5771 | D:6      | Identified the +7 rapier of the Enchanted Forest {drain,
                  | *Corrode rPois Will+}
  5825 | D:6      | Reached skill level 5 in Spellcasting
  6049 | D:6      | HP: 1/51 [orc warrior/+0 glaive (17)]
  6273 | D:6      | Noticed Grinder
  6277 | D:6      | Killed Grinder
  6278 | D:6      | Reached skill level 1 in Fighting
  6278 | D:6      | Reached XP level 9. HP: 60/60 MP: 2/17
  6381 | D:6      | Noticed Jeremiah
  6400 | D:6      | Killed Jeremiah
  6401 | D:6      | Reached skill level 2 in Fighting
  6438 | D:6      | Reached skill level 3 in Fighting
  7441 | D:7      | Found Sykliluf's Weapon Shop.
  7487 | D:7      | Reached skill level 4 in Fighting
  7553 | D:7      | Reached skill level 5 in Fighting
  8042 | D:7      | Found an iron altar of Okawaru.
  8049 | D:7      | Reached skill level 6 in Fighting
  8192 | D:8      | Reached skill level 1 in Evocations
  8408 | D:8      | Reached skill level 7 in Fighting
  8428 | D:8      | Reached XP level 10. HP: 77/77 MP: 2/20
  8582 | D:8      | Reached **** piety under Hepliaklqana
  8786 | D:8      | Found a runed translucent door.
  9456 | D:8      | Noticed topfpfpflanze's ghost (novice OpCj)
  9524 | D:9      | Noticed Grum
  9530 | D:9      | Killed Grum
  9566 | D:9      | Reached skill level 8 in Fighting
  9988 | D:9      | Reached skill level 9 in Fighting
 10112 | D:9      | Found a glowing golden altar of the Shining One.
 10193 | D:9      | Noticed Harold
 10200 | D:9      | Killed Harold
 10201 | D:9      | Reached skill level 10 in Fighting
 10780 | D:9      | Learned a level 4 spell: Flame Wave
 11022 | D:10     | Entered Level 10 of the Dungeon
 11049 | D:10     | Reached skill level 11 in Fighting
 11150 | D:10     | Noticed Nergalle
 11151 | D:10     | Found a staircase to the Orcish Mines.
 11160 | D:10     | Killed Nergalle
 11326 | D:10     | Noticed a sixfirhy
 11369 | D:10     | Reached XP level 11. HP: 70/91 MP: 12/21
 11440 | D:10     | Found a radiant altar of Vehumet.
 11509 | D:10     | Reached skill level 5 in Invocations
 11861 | D:10     | Found a hazy altar of Hepliaklqana.
 11923 | D:10     | Noticed Sonja
 11930 | D:10     | Killed Sonja
 12145 | D:10     | Found a staircase to the Lair.
 12219 | D:10     | Noticed Lodul
 12277 | D:10     | Noticed a sixfirhy
 12476 | D:10     | Slain by Haorph the knight

Illustrated notes

Levels and vault maps discovered:
D:1:      dpeg_arrival_brainrot, layout_basic,
          shapermc_ecumenical_altar_notcrosses
D:2:      layout_loops_cross, serial_co_window_serial, co_window_corner_a,
          co_window_of_opportunity_a, co_window_of_opportunity_a,
          co_window_paths_a, co_window_corner_a, co_window_unsneaky_path_b,
          co_window_broadway_b, co_window_2corner, co_window_unsneaky_path_b,
          co_window_2corner, co_window_paths_c, co_window_unsneaky_path_b,
          co_window_paths_d, glass_columns_a, glass_columns_a, glass_columns_c,
          glass_columns_c, basic_altar, uniq_sigmund
D:3:      layout_loops_cross, mainiacjoe_overflow_surrounded_room,
          jmf_multi_god_temple, serial_shops, shop, uniq_ijyb, uniq_terence
D:4:      minmay_inner_zag, layout_basic, nicolae_overflow_squiral,
          minmay_unequal
D:5:      layout_rooms, cheibrodos_ashenzari_chains, lemuel_temple_firewalk_b,
          uniq_edmund, uniq_blork_the_orc
D:6:      layout_cave_pools, minivault_1, nrook_loot_triangle, uniq_jeremiah,
          uniq_grinder
D:7:      layout_loops_ring, okawaru_gym_becter, serial_shops,
          nicolae_shop_scrapyard, minivault_10
D:8:      layout_cave_pools, ebering_ghost_inner_flame, serial_co_window_serial,
          co_window_corner_a, co_window_corner_a, co_window_of_opportunity_a,
          co_window_paths_a, co_window_paths_b, co_window_of_opportunity_a,
          co_window_corner_a, co_window_broadway_b, co_window_unsneaky_path_a,
          co_window_broadway_a, co_window_of_opportunity_b, co_window_4corner_a,
          co_window_4corner_b, minmay_mini_ossuary
D:9:      layout_roguey, nicolae_tso_carved_into_rock, uniq_grum, uniq_harold
D:10:     layout_irregular_city, kennysheep_mini_moat, marbit_many_paths,
          grunt_lair_entry_orc_guard_hut, orc_0_dummy,
          minmay_increasing_density, uniq_sonja, uniq_lodul, uniq_nergalle

Skill      XL: |  1  2  3  4  5  6  7  8  9 10 11 |
---------------+----------------------------------+-----
Fire Magic     | 6 8 |  8.0
Conjurations   | 3 5 8 |  8.0
Spellcasting   | 3 4 5 7 |  7.0
Fighting       | 1 7 11 | 11.1
Evocations     | 3 4 |  4.0
Invocations    | 4 8 |  8.6
Dodging        | |  1.7
Stealth        | |  1.7

Action                     |  1- 3 |  4- 6 |  7- 9 | 10-12 || total
---------------------------+-------+-------+-------+-------++-------
  Melee: Unarmed           |     2 |       |       |       ||     2
         Dagger            |    14 |     2 |       |       ||    16
         Tailslap          |     1 |     1 |     5 |    19 ||    26
         Short sword       |       |    10 |    45 |    92 ||   147
   Cast: Foxfire           |    23 |    23 |    24 |     5 ||    75
         Scorch            |     2 |    44 |   156 |   144 ||   346
         Flame Wave        |       |       |       |     2 ||     2
 Invoke: Ancestor Identity |     1 |       |       |       ||     1
         Ancestor Life: Kn |       |     1 |       |       ||     1
         Recall Ancestor   |       |       |     1 |     2 ||     3
  Evoke: Wand              |       |       |     1 |     2 ||     3
    Use: Scroll            |     1 |     2 |    14 |     4 ||    21
         Potion            |     1 |       |     4 |       ||     5
   Stab: Distracted        |       |       |       |     1 ||     1
 Armour: Skin              |    24 |    14 |   109 |   171 ||   318
  Dodge: Dodged            |    20 |    13 |    81 |   109 ||   223

Table legend: (Time is in decaauts)
 A = Elapsed time spent in this place.
 B = Non-inter-level travel time spent in this place.
 C = Inter-level travel time spent in this place.
 D = Time resting spent in this place.
 E = Time spent auto-exploring this place.
 F = Levels seen in this place.
 G = Mean time per level.
                   A        B        C        D        E       F      G
               +--------+--------+--------+--------+--------+-----+--------+
         Total |  12481 |  12095 |    386 |    639 |   9816 |  10 | 1248.1 |
       Dungeon |  12481 |  12095 |    386 |    639 |   9816 |  10 | 1248.1 |
               +--------+--------+--------+--------+--------+-----+--------+

Top non-repeatable levels by time:
     D:9: 1659 daAuts
     D:4: 1618 daAuts
     D:6: 1342 daAuts
     D:8: 1332 daAuts
    D:10: 1325 daAuts
     D:2: 1176 daAuts
     D:1: 1124 daAuts
     D:7: 1020 daAuts
     D:3: 962 daAuts
     D:5: 919 daAuts
